 Dungeon Crawl Stone Soup version 0.29-a0-459-g97dee8cd24 (webtiles) character file.

Game seed: 2338603969589262574

114 garrulousMonolith the Magician (level 4, 0/28 (32) HPs)
             Began as a Gnoll Hedge Wizard on May 20, 2022.
             Slain by an orc wizard
             ... wielding a +0 spear
              (5 damage)
             ... on level 4 of the Dungeon.
             The game lasted 00:04:16 (3666 turns).

garrulousMonolith the Magician (Gnoll Hedge Wizard) Turns: 3666, Time: 00:04:17

HP:   0/28 (32)     AC:  5    Str:  9    XL:     4   Next: 98%
MP:   13/13         EV: 12    Int: 16    God:
Gold: 125           SH:  0    Dex: 11    Spells: 5/17 levels left

rFire   . . .      SeeInvis .   r - +4 mace
rCold   . . .      Faith    .   (no shield)
rNeg    + . .      Spirit   .   i - +0 leather armour
rPois   .          Reflect  .   c - +0 hat
rElec   .          Harm     .   (no cloak)
rCorr   .          Rampage  .   k - +1 pair of gloves
Will    .....                   (no boots)
Stlth   ++........              (no amulet)
HPRegen 0.09/turn               e - ring of positive energy
MPRegen 0.13/turn               m - ring of wizardry

@: heavily drained
A: fangs 1, strong nose, distributed training
a: no special abilities


You were on level 4 of the Dungeon.
You visited 1 branch of the dungeon, and saw 4 of its levels.

You collected 125 gold pieces.

Inventory:

Hand Weapons
 a - a +0 dagger
 b - the +8 hunting sling "Ycsew" {flame, rF+}
   (You found it on level 3 of the Dungeon)

   Any ammunition fired from it burns those it strikes, dealing additional fire
   damage.
   rF:        It protects you from fire.
 n - a +0 long sword
 r - a +4 mace (weapon)
Missiles
 o - 2 javelins
 t - 11 poisoned darts
Armour
 c - a +0 hat (worn)
 i - a +0 leather armour (worn)
 k - a +1 pair of gloves (worn)
Jewellery
 e - a ring of positive energy (left hand)
 m - a ring of wizardry (right hand)
Scrolls
 h - a scroll of magic mapping
 l - a scroll of enchant weapon {unknown}
 p - 2 scrolls of immolation
 q - 2 scrolls of teleportation
 s - a scroll of poison {unknown}
 u - a scroll of fog {unknown}
 v - a scroll of vulnerability {unknown}
 w - a scroll of silence {unknown}
 x - a scroll of identify
Potions
 d - 2 potions of magic
 f - a potion of heal wounds
 g - 2 potions of might
 j - 2 potions of haste
 z - 2 potions of ambrosia
 A - a potion of brilliance {unknown}


   Skills:
 + Level 1.3 Fighting
 + Level 1.3 Short Blades
 + Level 1.3 Long Blades
 + Level 1.3 Axes
 + Level 1.3 Maces & Flails
 + Level 1.3 Polearms
 + Level 1.3 Staves
 + Level 1.3 Slings
 + Level 1.3 Bows
 + Level 1.3 Crossbows
 + Level 1.3 Throwing
 + Level 1.3 Armour
 + Level 4.7 Dodging
 + Level 4.3 Stealth
 + Level 1.3 Shields
 + Level 1.3 Unarmed Combat
 + Level 7.2 Spellcasting
 + Level 2.3 Conjurations
 + Level 1.0 Hexes
 + Level 2.3 Summonings
 + Level 1.0 Necromancy
 + Level 2.3 Translocations
 + Level 1.0 Transmutations
 + Level 1.0 Fire Magic
 + Level 1.0 Ice Magic
 + Level 1.0 Air Magic
 + Level 1.0 Earth Magic
 + Level 1.0 Poison Magic
 + Level 1.4 Invocations
 + Level 1.3 Evocations


You had 5 spell levels left.
You knew the following spells:

 Your Spells              Type           Power      Damage    Failure   Level
a - Shock                 Conj/Air       44%        1d5       3%          1
b - Call Imp              Summ           13%        N/A       4%          2
c - Blink                 Tloc           26%        N/A       4%          2
d - Magic Dart            Conj           52%        1d5       2%          1
e - Mephitic Cloud        Conj/Pois/Air  10%        N/A       11%         3
f - Conjure Flame         Conj/Fire      11%        6-21      10%         3

Your spell library contained the following spells:

 Spells                   Type           Power      Damage    Failure   Level
 Slow                     Hex            36%        N/A       4%          1


Dungeon Overview and Level Annotations

Branches:
Dungeon (4/15)
 Temple: D:4-7

Altars:

Shops:
D:2 =


Innate Abilities, Weirdness & Mutations

You have very sharp teeth.
Your uncanny sense of smell can sniff out nearby items.
Your experience applies equally to all skills.


Message History

The orc shouts!
The orc wizard hits you from afar with a +0 spear.
The orc hits you with a +0 short sword. x2
The orc wizard mumbles some strange words.
The orc wizard flickers and vanishes!
Deactivating autopickup; reactivate with Ctrl-A.
You bump into the rock wall.
Something hits you. The orc hits you with a +0 short sword.
You feel much better. Something hits you but does no damage.
The orc hits you but does no damage. The orc completely misses you.
The +8 hunting sling "Ycsew" {flame, rF+} stops flaming.
r - a +4 mace (weapon)
The orc attacks as you move away! The orc hits you with a +0 hand axe.
The orc attacks as you move away! The orc hits you with a +0 short sword.
You bump into the rock wall.
The orc misses you.
You barely miss the orc. The orc hits you but does no damage.
Something hits you. The orc hits you with a +0 short sword.
Something hits you but does no damage.
You barely miss something.
You feel less confused. Something barely misses you.
You closely miss something. Something hits you but does no damage.
You hit something but do no damage.
You hear some strange, mumbled words.
You are confused.
Something hits you but does no damage.
You bump into the rock wall.
Something hits you.
You completely miss something. Something hits you.
Something hits you but does no damage. Something hits you.
Something hits you but does no damage.
You're too confused to move!
Something hits you.
* * * LOW HITPOINT WARNING * * *
You hear some strange, mumbled words.
A magic dart appears from out of thin air!
The magic dart hits you.
* * * LOW HITPOINT WARNING * * *
You miss something.
You feel less confused. Something hits you.
You die...

,*,,,,,,*,,,,,.#.###.*.,,##†##..#
,**,,,,,*,,,,,#....)##.###......#
,*,***,*,,,..,#......##.......#..
*,,,,,***,,...#.....#.#..#...##..
*,,,,,,*.###,#......#...##.##.#..
*,,,,,*,....###..oo.#..#....#.#..
,,,,,,*,,....#.###o####..........
*,,,,,*,,<,,#....{##...........#.
,***,*,,,,,,#...@..#..........##.
,,,,***,,,,,#.....#...........##.
,,,,,*,***,#......#............#.
,,,,*,,,,,*##.....#..............
,,,,*,,,,,,#.###.#...........##.#
,,,,*,,,,,#..,,.##..###.....>####
**,*,,,,,,#(,,..,#....##......#..
*****,,,,,#.,,..*.#....#.....##..
,,,,,***,*,,,,,,###.............#


You could see 2 orcs.

Vanquished Creatures
  An orc wizard (D:3)
  3 adders
  A worm (D:3)
  A dart slug (D:2)
  4 orcs
  3 ball pythons
  5 endoplasms
  2 giant cockroaches
  10 goblins
  2 hobgoblins (D:1)
  4 jackals (D:1)
  4 kobolds
  2 quokkas
  2 bats (D:2)
  A frilled lizard (D:2)
  2 rats
47 creatures vanquished.

Vanquished Creatures (others)
  A fungus (D:1)
  A plant (D:1)
2 creatures vanquished.

Grand Total: 49 creatures vanquished

Notes
Turn   | Place    | Note
-------+----------+-------------------------------------------
     0 | D:1      | garrulousMonolith the Gnoll Hedge Wizard began the quest
                  | for the Orb.
     0 | D:1      | Reached XP level 1. HP: 13/13 MP: 8/8
   238 | D:1      | Reached XP level 2. HP: 19/19 MP: 7/10
   812 | D:1      | Learned a level 2 spell: Call Imp
   815 | D:1      | Learned a level 2 spell: Blink
   829 | D:1      | Found a faded altar of an unknown god.
   837 | D:1      | Got Plato's Almanac of Confrontation
   841 | D:1      | Learned a level 1 spell: Shock
  1208 | D:2      | Found Nept's Jewellery Boutique.
  1237 | D:2      | Reached XP level 3. HP: 23/25 MP: 6/11
  1359 | D:2      | Reached skill level 1 in Invocations
  1855 | D:2      | Identified the +0 robe of Gugex {rPois rF- Will+ rCorr}
  1946 | D:2      | Reached skill level 1 in Fighting
  1946 | D:2      | Reached skill level 1 in Short Blades
  1946 | D:2      | Reached skill level 1 in Long Blades
  1946 | D:2      | Reached skill level 1 in Axes
  1946 | D:2      | Reached skill level 1 in Maces & Flails
  1946 | D:2      | Reached skill level 1 in Polearms
  1946 | D:2      | Reached skill level 1 in Staves
  1946 | D:2      | Reached skill level 1 in Slings
  1946 | D:2      | Reached skill level 1 in Bows
  1946 | D:2      | Reached skill level 1 in Crossbows
  1946 | D:2      | Reached skill level 1 in Throwing
  1946 | D:2      | Reached skill level 1 in Armour
  1946 | D:2      | Reached skill level 1 in Shields
  1946 | D:2      | Reached skill level 1 in Unarmed Combat
  1946 | D:2      | Reached skill level 1 in Evocations
  2458 | D:3      | Reached XP level 4. HP: 32/32 MP: 11/13
  2503 | D:3      | Learned a level 3 spell: Mephitic Cloud
  2507 | D:3      | Learned a level 3 spell: Conjure Flame
  2570 | D:3      | Identified the +8 hunting sling "Ycsew" {flame, rF+}
  2707 | D:3      | Reached skill level 1 in Hexes
  2707 | D:3      | Reached skill level 1 in Necromancy
  2707 | D:3      | Reached skill level 1 in Transmutations
  2707 | D:3      | Reached skill level 1 in Fire Magic
  2707 | D:3      | Reached skill level 1 in Ice Magic
  2707 | D:3      | Reached skill level 1 in Air Magic
  2707 | D:3      | Reached skill level 1 in Earth Magic
  2707 | D:3      | Reached skill level 1 in Poison Magic
  3666 | D:4      | Slain by an orc wizard

Illustrated notes

Levels and vault maps discovered:
D:1:      minmay_arrival_stone_box, layout_rooms,
          shapermc_ecumenical_altar_rom_forum
D:2:      layout_basic, serial_shops, nicolae_square_shop,
          kennysheep_generic_room_9
D:3:      layout_loops_ring
D:4:      nicolae_BIG_FREAKIN_CUBE, layout_cave_pools

Skill      XL: |  1  2  3  4 |
---------------+-------------+-----
Conjurations   | 2 |  2.3
Summonings     | 2 |  2.3
Translocations | 2 |  2.3
Invocations    | 1 |  1.4
Fighting       | 1 |  1.3
Short Blades   | 1 |  1.3
Long Blades    | 1 |  1.3
Axes           | 1 |  1.3
Maces & Flails | 1 |  1.3
Polearms       | 1 |  1.3
Staves         | 1 |  1.3
Slings         | 1 |  1.3
Bows           | 1 |  1.3
Crossbows      | 1 |  1.3
Throwing       | 1 |  1.3
Armour         | 1 |  1.3
Shields        | 1 |  1.3
Unarmed Combat | 1 |  1.3
Evocations     | 1 |  1.3
Hexes          | 1 |  1.0
Necromancy     | 1 |  1.0
Transmutations | 1 |  1.0
Fire Magic     | 1 |  1.0
Ice Magic      | 1 |  1.0
Air Magic      | 1 |  1.0
Earth Magic    | 1 |  1.0
Poison Magic   | 1 |  1.0
Dodging        | |  4.7
Stealth        | |  4.3
Spellcasting   | |  7.2

Action                   |  1- 3 |  4- 6 || total
-------------------------+-------+-------++-------
Melee: Dagger            |    10 |    21 ||    31
       Bite              |     3 |     1 ||     4
       Mace              |       |     6 ||     6
 Fire: Hunting sling     |       |    20 ||    20
 Cast: Magic Dart        |    45 |       ||    45
       Shock             |    42 |     8 ||    50
  Use: Scroll            |     5 |     3 ||     8
       Potion            |       |     4 ||     4
Armor: Leather armour    |     5 |    16 ||    21
Dodge: Dodged            |    28 |    15 ||    43

Table legend: (Time is in decaauts)
 A = Elapsed time spent in this place.
 B = Non-inter-level travel time spent in this place.
 C = Inter-level travel time spent in this place.
 D = Time resting spent in this place.
 E = Time spent auto-exploring this place.
 F = Levels seen in this place.
 G = Mean time per level.
                   A        B        C        D        E       F      G
               +--------+--------+--------+--------+--------+-----+--------+
         Total |   3677 |   3527 |    150 |    453 |   2568 |   4 |  919.2 |
       Dungeon |   3677 |   3527 |    150 |    453 |   2568 |   4 |  919.2 |
               +--------+--------+--------+--------+--------+-----+--------+

Top non-repeatable levels by time:
     D:2: 1445 daAuts
     D:3: 1168 daAuts
     D:1: 956 daAuts
     D:4: 107 daAuts
